 Dungeon Crawl Stone Soup version 0.20.1-1-g8b1a95d (webtiles) character file.

29 Folque the Magician (level 3, -1/24 HPs)
             Began as an Octopode Wizard on Dec 6, 2017.
             Slain by a gnoll
             ... wielding a +0 halberd
              (19 damage)
             ... on level 2 of the Dungeon.
             The game lasted 00:04:04 (863 turns).

Folque the Magician (Octopode Wizard)                Turns: 863, Time: 00:04:05

Health: -1/24      AC:  1    Str:  6    XL:     3   Next: 16%
Magic:  4/16       EV: 13    Int: 21    God:
Gold:   48         SH:  0    Dex: 10    Spells: 3/8 levels left

rFire    . . .     SeeInvis .   i - +0 mace
rCold    . . .     Gourm    .   (no shield)
rNeg     . . .     Faith    .   a - +0 hat
rPois    .         Spirit   .   (no amulet)
rElec    .         Reflect  .   d - ring of magical power
rCorr    .         Harm     .   (no ring)
MR       .....                  (no ring)
Stlth    +++.......             (no ring)
Regen    0.1/turn               (no ring)
MPRegen  0.2/turn               (no ring)
                                (no ring)
                                (no ring)

@: very slightly contaminated
A: almost no armour, stealthy swim, amphibious, 8 rings, constrict 8, camouflage
1, gelatinous body 1
a: no special abilities


You were on level 2 of the Dungeon.
You were not hungry.

You visited 1 branch of the dungeon, and saw 2 of its levels.

You collected 48 gold pieces.

Inventory:

Hand Weapons
 e - a +0 club
 f - a +0 short sword
 i - a +0 mace (weapon)
Armour
 a - a +0 hat (worn)
Jewellery
 d - a ring of magical power (left tentacle)
Scrolls
 g - a scroll of identify {unknown}
 l - a scroll of enchant armour {unknown}
 n - a scroll of noise {unknown}
 o - a scroll of blinking {unknown}
Potions
 h - a potion of resistance {unknown}
 k - a potion of cancellation {unknown}
Books
 b - a book of Minor Magic

   Spells                             Type                      Level
   a - Magic Dart                     Conjuration                  1
   b - Blink                          Translocation                2
   c - Call Imp                       Summoning                    2
   d - Slow                           Hexes                        2
   e - Conjure Flame                  Conjuration/Fire             3
   f - Mephitic Cloud                 Conjuration/Poison/Air       3
Comestibles
 c - 4 bread rations
 j - 3 fruits
 m - a meat ration
 p - 4 chunks of flesh


   Skills:
 * Level 2.2 Fighting
 - Level 2.0 Dodging
 - Level 2.6 Stealth
 + Level 3.2 Spellcasting
 - Level 1.0 Conjurations
 - Level 1.0 Summonings
 - Level 1.0 Translocations


You had 3 spell levels left.
You knew the following spells:

 Your Spells              Type           Power        Failure   Level  Hunger
a - Magic Dart            Conj           #...         9%          1    None
b - Call Imp              Summ           #.......     13%         2    ##.....
c - Blink                 Tloc           N/A          13%         2    ##.....


Dungeon Overview and Level Annotations

Branches:
Dungeon (2/15)

Altars:


Innate Abilities, Weirdness & Mutations

You cannot wear most types of armour.
You are very stealthy in the water. (Stealth+)
You are amphibious.
You can wear up to eight rings at the same time.
You can use your tentacles to constrict eight enemies at once.
Your skin changes colour to match your surroundings (Stealth+).
Your rubbery body absorbs attacks. (AC +1, EV +1)


Message History

Your experience leads to an increase in your attributes!
Increase (S)trength, (I)ntelligence, or (D)exterity?
You feel clever. The gnoll closely misses you.
Your crimson imp hits the gnoll but does no damage.
The bat misses your crimson imp.
The gnoll hits your crimson imp with a halberd!
Your crimson imp hits the gnoll.
The bat hits your crimson imp.
The gnoll completely misses your crimson imp.
Your crimson imp hits the gnoll.
The gnoll hits your crimson imp with a halberd!
Your crimson imp dies!
The bat hits you.
You hit the bat. Your grab misses the bat.
The bat is severely wounded.
The bat closely misses you.
The gnoll hits you from afar with a halberd!!
Ouch! That really hurt!
You die...

###.# ####
##...##...#
##..........
#.$..........
#.............
#.............
#..g.........
##..b#.......
#..@.#.#..#
#........##
#......###
###.#..##
#.##..###
#.##....#####
#
#.##.##.....##
##.
..#..######..#
#=. ......
##<###..


You could see a gnoll and a bat.

Vanquished Creatures
  An ooze (D:2)
  A dart slug (D:2)
  A giant cockroach (D:1)
  2 goblins
  3 hobgoblins (D:1)
  2 kobolds
  A frilled lizard (D:1)
  3 rats
14 creatures vanquished.

Vanquished Creatures (collateral kills)
  An adder (D:2)
1 creature vanquished.

Grand Total: 15 creatures vanquished

Notes
Turn   | Place    | Note
-------+----------+-------------------------------------------
     0 | D:1      | Folque the Octopode Wizard began the quest for the Orb.
     0 | D:1      | Reached XP level 1. HP: 11/11 MP: 4/4
    75 | D:1      | Reached skill level 1 in Fighting
   321 | D:1      | Reached XP level 2. HP: 18/18 MP: 6/6
   335 | D:1      | Learned a level 2 spell: Call Imp
   338 | D:1      | Learned a level 2 spell: Blink
   859 | D:2      | Reached XP level 3. HP: 19/24 MP: 3/7
   863 | D:2      | Slain by a gnoll

Skill      XL: |  1  2 |
---------------+-------+-----
Fighting       | 1 2 |  2.2
Dodging        | |  2.0
Stealth        | |  2.6
Spellcasting   | |  3.2
Conjurations   | |  1.0
Summonings     | |  1.0
Translocations | |  1.0

Action                   || total
-------------------------++-------
Melee: Short sword       ||    26
       Constrict         ||     8
       Club              ||     3
       Unarmed           ||     3
       Tentacles         ||     3
       Mace              ||     7
 Cast: Call Imp          ||     3
       Magic Dart        ||     2
  Use: Scroll            ||     2
 Stab: Sleeping          ||     6
Armor: Skin              ||     5
Dodge: Dodged            ||    30
